| TOP OF THE 1ST |
|
Batavia Muckdogs batting - Pitching for Rome Braves : RHP Ioakim Mozgo
|
|
Pitching: RHP Ioakim Mozgo
|
|
|
Batting: LHB Orlando Rivera
|
0-0: Ball 1-0: Ball 2-0: Ball 3-0: Called Strike 3-1: Called Strike 3-2: Foul Ball, location: 2F 3-2: Strikes out swinging
|
|
Batting: RHB Manuel Taveras
|
0-0: Ball 1-0: Ball 2-0: Called Strike 2-1: Foul Ball, location: 2F 2-2: Ball 3-2: Ground out 1-3 (Groundball, 34S, EV 72.5 MPH)
|
|
Batting: SHB Matt Moore
|
0-0: Ball 1-0: Called Strike 1-1: Ball 2-1: Foul Ball, location: 2F 2-2: Strikes out swinging
|
| Top of the 1st over - 0 runs, 0 hits, 0 errors, 0 left on base; Batavia 0 - Rome 0 |
| BOTTOM OF THE 1ST |
|
Rome Braves batting - Pitching for Batavia Muckdogs : RHP Santiago Navarro
|
|
Pitching: RHP Santiago Navarro
|
|
|
Batting: SHB Jose Melendez
|
0-0: Called Strike 0-1: Swinging Strike 0-2: Strikes out looking
|
|
Batting: RHB Tim Molchan
|
0-0: Called Strike 0-1: Ball 1-1: Hit by Pitch
|
|
Batting: SHB Jordan Barragan
|
0-0: Ball 1-0: Ball 2-0: Called Strike 2-1: Ball 3-1: Swinging Strike 3-2: DOUBLE (Line Drive, 8LXD, EV 108.8 MPH) Tim Molchan to third Tim Molchan scores
|
|
Batting: RHB Terry Hughes
|
0-0: SINGLE (Flyball, 9S, EV 87.5 MPH) Jordan Barragan to third
|
|
Batting: LHB Joe Phillips
|
0-0: Ball 1-0: Swinging Strike 1-1: Ball 2-1: Ball 3-1: Ground out 5-3 (Groundball, 56S, EV 67.5 MPH) Jordan Barragan scores Terry Hughes to second
|
|
Batting: RHB Gerard Michel
|
0-0: Called Strike 0-1: Ball 1-1: Ground out 4-3 (Groundball, 4, EV 108.8 MPH)
|
| Bottom of the 1st over - 2 runs, 2 hits, 0 errors, 1 left on base; Batavia 0 - Rome 2 |
| TOP OF THE 2ND |
|
Batavia Muckdogs batting - Pitching for Rome Braves : RHP Ioakim Mozgo
|
|
Batting: RHB Orlando Landa
|
0-0: Called Strike 0-1: Foul Ball, location: 2F 0-2: Ball 1-2: Strikes out swinging
|
|
Batting: LHB Matt McKeon
|
0-0: Swinging Strike 0-1: Foul Ball, location: 2F 0-2: Foul Ball, location: 2F 0-2: Ball 1-2: Ground out 4-3 (Groundball, 4, EV 85.0 MPH)
|
|
Batting: RHB Chris Alft
|
0-0: Ball 1-0: Foul Ball, location: 2F 1-1: Swinging Strike 1-2: Strikes out swinging
|
| Top of the 2nd over - 0 runs, 0 hits, 0 errors, 0 left on base; Batavia 0 - Rome 2 |
| BOTTOM OF THE 2ND |
|
Rome Braves batting - Pitching for Batavia Muckdogs : RHP Santiago Navarro
|
|
Batting: RHB Adonis Jenifer
|
0-0: Called Strike 0-1: Foul Ball, location: 2F 0-2: Ball 1-2: Ball 2-2: Ball 3-2: Base on Balls
|
|
Batting: RHB Adrian Billups
|
0-0: Foul Ball, location: 2F 0-1: Ball 1-1: Foul Ball, location: 2F 1-2: Ball 2-2: Ball 3-2: Base on Balls Adonis Jenifer to second
|
|
Batting: RHB George Provance
|
0-0: Ball 1-0: Called Strike 1-1: Foul Ball, location: 2F 1-2: Ball 2-2: Fielders Choice at 2nd, 5-4 (Groundball, 56, EV 86.9 MPH) Adonis Jenifer to third
|
|
Batting: SHB Jose Melendez
|
0-0: Called Strike 0-1: Swinging Strike 0-2: Strikes out looking George Provance steals 2nd base Batter strikes out.
|
|
Batting: RHB Tim Molchan
|
0-0: Ball 1-0: Ball 2-0: Ball 3-0: Called Strike 3-1: Swinging Strike 3-2: Base on Balls
|
|
Batting: SHB Jordan Barragan
|
0-0: Called Strike 0-1: Ball 1-1: Foul Ball, location: 2F 1-2: Foul Ball, location: 2F 1-2: SINGLE (Flyball, 3D, EV 86.9 MPH) Adonis Jenifer scores George Provance to third Tim Molchan to second Runner from 3rd tries for Home, SAFE, throw by RF to home
|
|
Batting: RHB Terry Hughes
|
0-0: Ball 1-0: Fly out, F3 (Popup, 3S, EV 71.2 MPH)
|
| Bottom of the 2nd over - 2 runs, 1 hit, 0 errors, 2 left on base; Batavia 0 - Rome 4 |
| TOP OF THE 3RD |
|
Batavia Muckdogs batting - Pitching for Rome Braves : RHP Ioakim Mozgo
|
|
Batting: SHB Justin Corbett
|
0-0: Ball 1-0: Called Strike 1-1: Ball 2-1: SINGLE (Line Drive, 7S, EV 95.0 MPH)
|
|
Batting: RHB Axel Moltke
|
0-0: Ball 1-0: Foul Ball, location: 2F 1-1: Ball 2-1: Swinging Strike 2-2: Ball 3-2: Base on Balls Justin Corbett to second
|
|
Batting: RHB Justin Dunham
|
0-0: Ball 1-0: Fielders Choice at 2nd, 6-4 (Groundball, 56, EV 85.6 MPH) Justin Corbett to third
|
|
Batting: LHB Orlando Rivera
|
0-0: Called Strike 0-1: Ball 1-1: Foul Ball, location: 2F 1-2: Foul Ball, location: 2F 1-2: Strikes out looking
|
|
Batting: RHB Manuel Taveras
|
0-0: Ground out 4-3 (Groundball, 4S, EV 66.9 MPH)
|
| Top of the 3rd over - 0 runs, 1 hit, 0 errors, 2 left on base; Batavia 0 - Rome 4 |
| BOTTOM OF THE 3RD |
|
Rome Braves batting - Pitching for Batavia Muckdogs : RHP Santiago Navarro
|
|
Batting: LHB Joe Phillips
|
0-0: Ball 1-0: Ball 2-0: Foul Ball, location: 2F 2-1: Called Strike 2-2: Ball 3-2: DOUBLE (Flyball, 89D, EV 88.8 MPH)
|
|
Batting: RHB Gerard Michel
|
0-0: Foul Ball, location: 2F 0-1: Foul Ball, location: 2F 0-2: Strikes out swinging
|
|
Pitching: RHP Adrian Bocker
|
|
|
Batting: RHB Adonis Jenifer
|
0-0: Ball 1-0: Foul Ball, location: 2F 1-1: SINGLE (Groundball, 34D, EV 94.4 MPH) Joe Phillips to third Runner from 3rd tries for Home, SAFE, throw by RF to home Adonis Jenifer to second
|
|
Batting: RHB Adrian Billups
|
0-0: Ground out 6-3 (Groundball, 6, EV 90.6 MPH)
|
|
Batting: RHB George Provance
|
0-0: Ball 1-0: Foul Ball, location: 2F 1-1: Called Strike 1-2: Foul Ball, location: 2F Balk! Adonis Jenifer to third 1-2: Ball 2-2: Fly out, F3 (Popup, 3SF, EV 70.0 MPH)
|
| Bottom of the 3rd over - 1 run, 2 hits, 0 errors, 1 left on base; Batavia 0 - Rome 5 |
| TOP OF THE 4TH |
|
Batavia Muckdogs batting - Pitching for Rome Braves : RHP Ioakim Mozgo
|
|
Batting: SHB Matt Moore
|
0-0: Ball 1-0: Ball 2-0: Ball 3-0: Called Strike 3-1: Called Strike 3-2: Foul Ball, location: 2F 3-2: Strikes out swinging
|
|
Batting: RHB Orlando Landa
|
0-0: Ground out 4-3 (Groundball, 4, EV 81.2 MPH)
|
|
Batting: LHB Matt McKeon
|
0-0: DOUBLE (Line Drive, 9LD, EV 100.6 MPH)
|
|
Batting: RHB Chris Alft
|
0-0: Ball 1-0: Called Strike 1-1: Ball 2-1: Foul Ball, location: 2F 2-2: Ball 3-2: Foul Ball, location: 2F 3-2: Base on Balls
|
|
Batting: SHB Justin Corbett
|
0-0: Called Strike 0-1: Ball 1-1: Ball 2-1: Foul Ball, location: 2F 2-2: Ball 3-2: Foul Ball, location: 2F 3-2: Strikes out swinging
|
| Top of the 4th over - 0 runs, 1 hit, 0 errors, 2 left on base; Batavia 0 - Rome 5 |
| BOTTOM OF THE 4TH |
|
Rome Braves batting - Pitching for Batavia Muckdogs : RHP Adrian Bocker
|
|
Batting: SHB Jose Melendez
|
0-0: Called Strike 0-1: Fly out, F9 (Flyball, 9D, EV 89.4 MPH)
|
|
Batting: RHB Tim Molchan
|
0-0: Ball 1-0: Called Strike 1-1: Ball 2-1: Called Strike 2-2: Ground out 5-3 (Groundball, 5S, EV 65.6 MPH)
|
|
Batting: SHB Jordan Barragan
|
0-0: Ball 1-0: Ball 2-0: Ball 3-0: Called Strike 3-1: Foul Ball, location: 2F 3-2: Foul Ball, location: 2F 3-2: SINGLE (Groundball, 6D, EV 103.1 MPH)
|
|
Batting: RHB Terry Hughes
|
0-0: Called Strike Jordan Barragan steals 2nd base 0-1: Ball 1-1: Ball 2-1: Ground out 3-1 (Groundball, 34, EV 90.0 MPH)
|
| Bottom of the 4th over - 0 runs, 1 hit, 0 errors, 1 left on base; Batavia 0 - Rome 5 |
| TOP OF THE 5TH |
|
Batavia Muckdogs batting - Pitching for Rome Braves : RHP Ioakim Mozgo
|
|
Batting: RHB Axel Moltke
|
0-0: Ball 1-0: Swinging Strike 1-1: Swinging Strike 1-2: Ball 2-2: Strikes out swinging
|
|
Batting: RHB Justin Dunham
|
0-0: Swinging Strike 0-1: Fly out, F8 (Line Drive, 8LM, EV 90.6 MPH)
|
|
Batting: LHB Orlando Rivera
|
0-0: Called Strike 0-1: Foul Ball, location: 2F 0-2: Ball 1-2: Strikes out swinging
|
| Top of the 5th over - 0 runs, 0 hits, 0 errors, 0 left on base; Batavia 0 - Rome 5 |
| BOTTOM OF THE 5TH |
|
Rome Braves batting - Pitching for Batavia Muckdogs : RHP Adrian Bocker
|
|
Batting: LHB Joe Phillips
|
0-0: Called Strike 0-1: Ball 1-1: Ball 2-1: Ground out 5-3 (Groundball, 15, EV 91.9 MPH)
|
|
Batting: RHB Gerard Michel
|
0-0: Ball 1-0: Foul Ball, location: 2F 1-1: Ball 2-1: Fly out, F7 (Flyball, 7, EV 88.1 MPH)
|
|
Batting: RHB Adonis Jenifer
|
0-0: Swinging Strike 0-1: Ball 1-1: Swinging Strike 1-2: Ball 2-2: Ground out 6-3 (Groundball, 6MD, EV 83.8 MPH)
|
| Bottom of the 5th over - 0 runs, 0 hits, 0 errors, 0 left on base; Batavia 0 - Rome 5 |
| TOP OF THE 6TH |
|
Batavia Muckdogs batting - Pitching for Rome Braves : RHP Ioakim Mozgo
|
|
Pitching: RHP Jeremy Hurley
|
|
|
Batting: RHB Manuel Taveras
|
0-0: Ball 1-0: Swinging Strike 1-1: Ball 2-1: Ground out 6-3 (Groundball, 6, EV 83.8 MPH)
|
|
Batting: SHB Matt Moore
|
0-0: Ground out 4-3 (Groundball, 4S, EV 71.2 MPH)
|
|
Batting: RHB Orlando Landa
|
0-0: Ball 1-0: Ground out U3 (Groundball, 3L, EV 81.2 MPH)
|
| Top of the 6th over - 0 runs, 0 hits, 0 errors, 0 left on base; Batavia 0 - Rome 5 |
| BOTTOM OF THE 6TH |
|
Rome Braves batting - Pitching for Batavia Muckdogs : RHP Adrian Bocker
|
|
Batting: RHB Adrian Billups
|
0-0: Foul Ball, location: 2F 0-1: SINGLE (Line Drive, 7S, EV 85.0 MPH)
|
|
Batting: RHB George Provance
|
Balk! Adrian Billups to second 0-0: SINGLE (Groundball, 4M, EV 99.4 MPH) (infield hit) Adrian Billups to third
|
|
Batting: SHB Jose Melendez
|
0-0: Ball George Provance steals 2nd base 1-0: Ball 2-0: Called Strike Balk! Adrian Billups scores George Provance to third 2-1: Ground out 4-3 (Groundball, 4, EV 99.4 MPH) George Provance scores
|
|
Batting: RHB Tim Molchan
|
0-0: Ball 1-0: Called Strike 1-1: Foul Ball, location: 2F 1-2: Ground out 5-3 (Groundball, 56, EV 105.0 MPH)
|
|
Batting: SHB Jordan Barragan
|
0-0: Called Strike 0-1: Called Strike 0-2: Strikes out looking
|
| Bottom of the 6th over - 2 runs, 2 hits, 0 errors, 0 left on base; Batavia 0 - Rome 7 |
| TOP OF THE 7TH |
|
Batavia Muckdogs batting - Pitching for Rome Braves : RHP Jeremy Hurley
|
|
Batting: LHB Matt McKeon
|
0-0: Ball 1-0: Ball 2-0: Called Strike 2-1: Ball 3-1: Base on Balls
|
|
Batting: RHB Chris Alft
|
0-0: Called Strike Matt McKeon steals 2nd base (no throw) 0-1: Ball 1-1: Fly out, F8 (Flyball, 78D, EV 93.8 MPH)
|
|
Batting: SHB Justin Corbett
|
0-0: Ball 1-0: Ball 2-0: Swinging Strike 2-1: SINGLE (Groundball, 5D, EV 102.5 MPH) Matt McKeon to third Runner from 3rd tries for Home, SAFE, throw by LF to home
|
|
Batting: RHB Axel Moltke
|
0-0: Ball 1-0: Swinging Strike 1-1: Called Strike Justin Corbett steals 2nd base (no throw) 1-2: Strikes out swinging
|
|
Batting: RHB Justin Dunham
|
0-0: Ball 1-0: Foul Ball, location: 2F 1-1: Ground out U3 (Groundball, 3L, EV 83.1 MPH)
|
| Top of the 7th over - 1 run, 1 hit, 0 errors, 1 left on base; Batavia 1 - Rome 7 |
| BOTTOM OF THE 7TH |
|
Rome Braves batting - Pitching for Batavia Muckdogs : RHP Adrian Bocker
|
|
Batting: RHB Terry Hughes
|
0-0: Ball 1-0: Swinging Strike 1-1: Ball 2-1: Called Strike 2-2: Ball 3-2: Base on Balls
|
|
Pitching: LHP Calvin Morin
|
|
|
Batting: LHB Joe Phillips
|
0-0: Called Strike 0-1: DOUBLE (Line Drive, 78D, EV 105.0 MPH) Terry Hughes to third
|
|
Batting: RHB Gerard Michel
|
0-0: Ball 1-0: Ball 2-0: Called Strike 2-1: Fly out, F4 (Popup, 34, EV 64.4 MPH)
|
|
Batting: RHB Adonis Jenifer
|
Balk! Terry Hughes scores Joe Phillips to third 0-0: Swinging Strike 0-1: Ball 1-1: Ball 2-1: Ball Wild Pitch! Joe Phillips scores 3-1: Called Strike 3-2: Base on Balls
|
|
Batting: RHB Adrian Billups
|
0-0: Ball 1-0: Called Strike 1-1: Fielders Choice at 2nd, 5-4 (Groundball, 15, EV 80.6 MPH)
|
|
Batting: RHB George Provance
|
0-0: Ball 1-0: Foul Ball, location: 2F 1-1: Ball 2-1: Swinging Strike 2-2: Ball Adrian Billups steals 2nd base 3-2: Base on Balls
|
|
Batting: SHB Jose Melendez
|
0-0: Called Strike 0-1: Called Strike 0-2: Foul Ball, location: 2F 0-2: Ball 1-2: Ball 2-2: Foul Ball, location: 2F 2-2: Ball Balk! Adrian Billups to third George Provance to second 3-2: Base on Balls
|
|
Batting: RHB Tim Molchan
|
0-0: Foul Ball, location: 2F 0-1: Fielders Choice at 2nd, 5-4 (Groundball, 56, EV 81.2 MPH)
|
| Bottom of the 7th over - 2 runs, 1 hit, 0 errors, 3 left on base; Batavia 1 - Rome 9 |
| TOP OF THE 8TH |
|
Batavia Muckdogs batting - Pitching for Rome Braves : RHP Jeremy Hurley
|
|
Batting: LHB Orlando Rivera
|
0-0: Called Strike 0-1: Ball 1-1: Ball 2-1: Called Strike 2-2: Foul Ball, location: 2F 2-2: Strikes out looking
|
|
Batting: RHB Manuel Taveras
|
0-0: Ground out 5-3 (Groundball, 56, EV 86.2 MPH)
|
|
Batting: SHB Matt Moore
|
0-0: Ball 1-0: Fly out, F6 (Popup, 56, EV 58.1 MPH)
|
| Top of the 8th over - 0 runs, 0 hits, 0 errors, 0 left on base; Batavia 1 - Rome 9 |
| BOTTOM OF THE 8TH |
|
Rome Braves batting - Pitching for Batavia Muckdogs : LHP Calvin Morin
|
|
Batting: SHB Jordan Barragan
|
0-0: Ball 1-0: Swinging Strike 1-1: Called Strike 1-2: Ball 2-2: Foul Ball, location: 2F 2-2: Strikes out swinging
|
|
Batting: RHB Terry Hughes
|
0-0: Called Strike 0-1: Ball 1-1: Ball 2-1: Foul Ball, location: 2F 2-2: Ball 3-2: Hit by Pitch
|
|
Batting: LHB Joe Phillips
|
Balk! Terry Hughes to second 0-0: Ball 1-0: Foul Ball, location: 2F Balk! Terry Hughes to third 1-1: Ball 2-1: Foul Ball, location: 2F 2-2: Foul Ball, location: 2F 2-2: Ground out U3 (Groundball, 3L, EV 86.2 MPH)
|
|
Batting: RHB Gerard Michel
|
0-0: Ball 1-0: Ball 2-0: Swinging Strike 2-1: Ball 3-1: Base on Balls
|
|
Batting: RHB Adonis Jenifer
|
0-0: Ball Wild Pitch! Terry Hughes scores Gerard Michel to second 1-0: Ball 2-0: Foul Ball, location: 2F Balk! Gerard Michel to third 2-1: Called Strike 2-2: Foul Ball, location: 2F 2-2: DOUBLE (Flyball, 8RXD, EV 108.1 MPH) Gerard Michel scores
|
|
Pitching: RHP Eric Jordan
|
|
|
Batting: RHB Adrian Billups
|
0-0: Called Strike 0-1: SINGLE (Groundball, 6D, EV 100.6 MPH) Adonis Jenifer to third Runner from 3rd tries for Home, SAFE, throw by CF to home Adrian Billups to second
|
|
Batting: RHB George Provance
|
0-0: Swinging Strike 0-1: Ball 1-1: Swinging Strike 1-2: Ball 2-2: Ground out 6-3 (Groundball, 6, EV 103.1 MPH)
|
| Bottom of the 8th over - 3 runs, 2 hits, 0 errors, 1 left on base; Batavia 1 - Rome 12 |
| TOP OF THE 9TH |
|
Batavia Muckdogs batting - Pitching for Rome Braves : RHP Jeremy Hurley
|
|
Batting: RHB Orlando Landa
|
0-0: Called Strike 0-1: Foul Ball, location: 2F 0-2: Ball 1-2: Foul Ball, location: 2F 1-2: Strikes out swinging
|
|
Batting: LHB Matt McKeon
|
0-0: Called Strike 0-1: Foul Ball, location: 2F 0-2: Foul Ball, location: 2F 0-2: Ball 1-2: Ball 2-2: DOUBLE (Line Drive, 89D, EV 105.0 MPH)
|
|
Pitching: RHP Marvin Rosas
|
|
|
Batting: RHB Chris Alft
|
0-0: Ball 1-0: Called Strike 1-1: Ball 2-1: Swinging Strike 2-2: Strikes out looking
|
|
Batting: SHB Justin Corbett
|
0-0: Ball 1-0: Ball 2-0: Foul Ball, location: 2F 2-1: Foul Ball, location: 2F 2-2: Strikes out swinging
|
| Top of the 9th over - 0 runs, 1 hit, 0 errors, 1 left on base; Batavia 1 - Rome 12 |
|